 Dungeon Crawl Stone Soup version 0.29.0-13-gc9e81de378 (webtiles) character file.

Game seed: 17998960444100193349

60 xian the Ducker (level 3, -2/26 (28) HPs)
             Began as a Demonspawn Gladiator on Sept 11, 2022.
             Slain by Crazy Yiuf
             ... wielding a +4 quarterstaff of chaos
              (3 damage)
             ... on level 3 of the Dungeon.
             The game lasted 00:05:00 (1707 turns).

xian the Ducker (Demonspawn Gladiator)              Turns: 1707, Time: 00:05:00

HP:   -2/26 (28)    AC:  7    Str: 16    XL:     3   Next: 80%
MP:   3/3           EV: 13    Int:  9    God:
Gold: 123           SH:  0    Dex: 20    Spells: 2/2 levels left

rFire   . . .      SeeInvis .   a - +0 war axe
rCold   . . .      Faith    .   (no shield)
rNeg    . . .      Spirit   .   b - +0 leather armour
rPois   .          Reflect  .   h - +2 helmet
rElec   .          Harm     .   (no cloak)
rCorr   .          Rampage  .   (no gloves)
Will    .....                   (no boots)
Stlth   +.........              j - amulet of the acrobat
HPRegen 0.08/turn               k - +6 ring of dexterity
MPRegen 0.08/turn               (no ring)

@: drained
A: rugged brown scales 1, powered by pain 1
a: no special abilities


You were on level 3 of the Dungeon.
You visited 1 branch of the dungeon, and saw 3 of its levels.

You collected 123 gold pieces.

Inventory:

Hand Weapons
 a - a +0 war axe (weapon)
Missiles
 d - 2 throwing nets
 r - a poisoned dart (quivered)
Armour
 b - a +0 leather armour (worn)
 c - a +0 helmet
 h - a +2 helmet (worn)
Jewellery
 j - an amulet of the acrobat (around neck)
 k - a +6 ring of dexterity (left hand)
 n - an amulet of magic regeneration
Scrolls
 g - a scroll of amnesia
 p - a scroll of teleportation {unknown}
 s - a scroll of fear {unknown}
 t - a scroll of enchant armour {unknown}
Potions
 f - a potion of heal wounds
 i - a potion of magic
 l - 2 potions of curing
 m - 2 potions of mutation
 o - a potion of flight {unknown}
 q - a potion of berserk rage {unknown}
 u - a potion of lignification {unknown}


   Skills:
 + Level 2.4 Fighting
 + Level 3.3 Axes
 + Level 1.8 Throwing
 + Level 0.7 Armour
 + Level 3.3 Dodging


You had 2 spell levels left.
You didn't know any spells.
Your spell library contained the following spells:

 Spells                   Type           Power      Damage    Failure   Level
 Poisonous Vapours        Pois/Air       0%         N/A       58%         2
 Corpse Rot               Necr/Pois/Air  0%         N/A       99%         4


Dungeon Overview and Level Annotations

Branches:
Dungeon (3/15)

Altars:

Annotations:
D:3 Crazy Yiuf


Innate Abilities, Weirdness & Mutations

You are partially covered in rugged brown scales. (AC +1, +3% HP)
You sometimes gain a little power by taking damage.


Message History

Crazy Yiuf shouts!
Crazy Yiuf zaps a wand.
The roots erupt in riotous growth!
The grasping roots grab you! The grasping roots constrict you.
You throw a javelin. The javelin closely misses Crazy Yiuf.
The grasping roots constrict you.
You throw a throwing net. The throwing net hits Crazy Yiuf.
Crazy Yiuf is caught in the net!
The grasping roots constrict you.
Crazy Yiuf struggles against the net.
You escape the roots grasp.
Crazy Yiuf struggles against the net.
There is an open translucent door here.
Crazy Yiuf says, "Crazy?
Crazy!?
PORCUPINE!"
Crazy Yiuf struggles against the net.
You hit Crazy Yiuf.
Crazy Yiuf is moderately wounded.
Crazy Yiuf struggles against the net.
You hit Crazy Yiuf but do no damage.
Crazy Yiuf is moderately wounded.
Crazy Yiuf struggles against the net.
The net rips apart, and Crazy Yiuf comes free!
Crazy Yiuf hits you with a +4 quarterstaff of chaos!
Ouch! That really hurt!
* * * LOW HITPOINT WARNING * * *
You feel drained.
* * * LOW HITPOINT WARNING * * *
You feel much better.
Crazy Yiuf hits you with a +4 quarterstaff of chaos!
Crazy Yiuf burns you.
You aren't carrying any items that you can evoke.
Okay, then.
You are too injured to fight recklessly!
Throw: 2 darts (poison)
Press: ? - help, Q - select action, (/) - cycle Shift-Dir - straight line, f/p - Crazy Yiuf
Aim: Crazy Yiuf, wielding a +4 quarterstaff of chaos, wearing a +0 cloak and carrying a wand of roots (8) (moderately wounded, 66% to hit)
You throw a poisoned dart.
The poisoned dart barely misses Crazy Yiuf.
Crazy Yiuf hits you with a +4 quarterstaff of chaos!
* * * LOW HITPOINT WARNING * * *
You convulse.
You die...

#....#
#....
##...#
#>...
##.##
#....
##.#
#....
#.##
##...
##.#
#..##
#.##
...
##'##
#.@.#
#.g.#
#)(.#
#####


You could see Crazy Yiuf.

Vanquished Creatures
  An adder (D:2)
  A worm (D:2)
  A dart slug (D:3)
  4 bats
  5 endoplasms
  5 giant cockroaches
  4 goblins
  2 hobgoblins (D:3)
  5 jackals (D:2)
  2 kobolds
  A quokka (D:1)
  2 ball pythons (D:1)
  A frilled lizard (D:3)
  6 rats
40 creatures vanquished.

Notes
Turn   | Place    | Note
-------+----------+-------------------------------------------
     0 | D:1      | xian the Demonspawn Gladiator began the quest for the Orb.
     0 | D:1      | Reached XP level 1. HP: 16/16 MP: 1/1
   161 | D:1      | Gained mutation: You sometimes gain a little power by
                  | taking damage. [demonic ancestry]
   161 | D:1      | Reached XP level 2. HP: 12/22 MP: 2/2
   456 | D:1      | Found a faded altar of an unknown god.
   852 | D:2      | Gained mutation: You are partially covered in rugged brown
                  | scales. (AC +1, +3% HP) [demonic ancestry]
   852 | D:2      | Reached XP level 3. HP: 21/28 MP: 3/3
  1695 | D:3      | Found a runed translucent door.
  1696 | D:3      | Noticed Crazy Yiuf
  1705 | D:3      | HP: 1/26 [Crazy Yiuf/+4 quarterstaff of chaos (3)]
  1707 | D:3      | Slain by Crazy Yiuf

Illustrated notes

Levels and vault maps discovered:
D:1:      dpeg_arrival_pits, layout_loops_ring,
          hellmonk_ecumenical_altar_crossroads, hangedman_decor_peaks_small,
          minmay_pentomino_s2
D:2:      layout_basic
D:3:      layout_rooms, uniq_crazy_yiuf_cottage

Skill      XL: |  1  2 |
---------------+-------+-----
Dodging        | 3 |  3.3
Axes           | 3 |  3.3
Fighting       | |  2.4
Throwing       | |  1.8
Armour         | |  0.7

Action                   || total
-------------------------++-------
Melee: War axe           ||    93
       Punch             ||     2
Throw: Javelin           ||     2
       Dart              ||     1
       Throwing net      ||     1
  Use: Scroll            ||     4
       Potion            ||     2
 Stab: Sleeping          ||     2
Armor: Leather armour    ||    36
Dodge: Dodged            ||    80
